 Dungeon Sprint DCSS version 0.18-a0-33-g9e10395 (console) character file.

446 Kellhus the Carver (level 6, -3/50 HPs)
             Began as a Demigod Fighter on Nov 5, 2015.
             Slain by a two-headed ogre
             ... wielding a +0 giant spiked club
              (16 damage)
             ... in the Dungeon (Sprint IX: "|||||||||||||||||||||||||||||").
             The game lasted 00:00:37 (287 turns).

Kellhus the Carver (Demigod Fighter)                 Turns: 287, Time: 00:00:38

Health: -3/50      AC:  6    Str: 19    XL:     6   Next: 44%
Magic:  8/8        EV:  7    Int: 12    God:
Gold:   0          SH:  9    Dex: 19    Spells: 0 memorised, 5 levels left

rFire  . . .     SeeInvis .     a - +0 long sword
rCold  . . .     Clarity  .     b - +0 scale mail
rNeg   . . .     SustAt   +     c - +0 shield
rPois  .         Gourm    .     (no helmet)
rElec  .         Spirit   .     (no cloak)
rCorr  .         Warding  .     (no gloves)
rMut   .         NoTele   +     (no boots)
MR     .....                    (no amulet)
Stlth  ..........               (no ring)
                                (no ring)

@: not resistant to hostile enchantments, extremely unstealthy
A: high mp 1, sustain attributes
a: no special abilities


You were in the Dungeon.
You were not hungry.

You visited 1 branch

Inventory:

Hand Weapons
 a - a +0 long sword (weapon)
Armour
 b - a +0 scale mail (worn)
 c - a +0 shield (worn)
 p - a +0 helmet
Jewellery
 q - a +3 ring of dexterity
Wands
 o - a wand of draining (7)
Scrolls
 k - 2 scrolls of blinking
 m - 3 scrolls of remove curse
 n - 2 scrolls of amnesia
Potions
 d - a potion of might
 f - 5 potions of curing
 g - 3 potions of heal wounds
 h - a potion of haste
 i - 4 potions of magic
Comestibles
 e - a bread ration
 l - 5 chunks of flesh


   Skills:
 - Level 2.6 Fighting
 + Level 13.0 Long Blades
 - Level 2.6 Armour
 - Level 2.6 Shields


You had 5 spell levels left.
You didn't know any spells.

Dungeon Overview and Level Annotations

Branches:
Dungeon (1/1)


Innate Abilities, Weirdness & Mutations

You have an increased reservoir of magic (+10% MP).
Your attributes are resistant to harm.


Message History

The crimson imp hits you but does no damage.
You closely miss the crimson imp.
The crimson imp hits you but does no damage.
You closely miss the crimson imp. You barely miss the crimson imp.
The crimson imp barely misses you.
You hit the crimson imp.
The crimson imp is moderately wounded.
The crimson imp hits you.
* * * LOW HITPOINT WARNING * * *
You closely miss the crimson imp.
The crimson imp is moderately wounded.
The crimson imp blinks!
You open the door.
A hound, an ice beast, a two-headed ogre, a skeletal warrior and a zombie come into view.
The hound barks!
You slash the two-headed ogre!
The two-headed ogre is moderately wounded.
The two-headed ogre barely misses you.
The two-headed ogre hits you with a giant club!
You die... ▓▓▓▓▓▓▓▓▓▓▓▓▓▓▓▓▓▓▓▓▓▓▓▓ YZ.z.hO@...5.'.=[[.)|.!' ▓▓▓▓▓▓▓▓▓▓▓▓▓▓▓▓▓▓▓▓▓▓▓▓

You could see a skeletal warrior, a two-headed ogre, an ice beast, a hound, a crimson imp and a bat zombie.

Vanquished Creatures
  A yak (D)
  A black bear (D)
  An ogre (D)
  An orc priest (D)
  A worker ant (D)
  2 quasits (D)
  An adder (D)
  A bat (D)
  A goblin (D)
  2 hobgoblins (D)
  A jackal (D)
  A giant gecko (D)
  A quokka zombie (D)
15 creatures vanquished.

Notes
Turn   | Place    | Note
--------------------------------------------------------------
     0 | D        | Kellhus the Demigod Fighter began the quest for the Orb.
     0 | D        | Reached XP level 1. HP: 18/18 MP: 3/3
     7 | D        | Reached skill level 3 in Long Blades
    80 | D        | Noticed an ogre
    80 | D        | Noticed a worker ant
    80 | D        | Noticed an orc priest
    85 | D        | Reached skill level 4 in Long Blades
    85 | D        | Reached XP level 2. HP: 25/25 MP: 4/4
    91 | D        | Reached skill level 6 in Long Blades
    91 | D        | Reached XP level 3. HP: 24/30 MP: 5/5
    94 | D        | Reached skill level 7 in Long Blades
    97 | D        | Killed an ogre
    97 | D        | Reached skill level 9 in Long Blades
    97 | D        | Reached XP level 4. HP: 29/37 MP: 6/6
   190 | D        | Found a glowing silver altar of Zin.
   190 | D        | Found a glowing golden altar of the Shining One.
   190 | D        | Found an ancient bone altar of Kikubaaqudgha.
   190 | D        | Found a basalt altar of Yredelemnul.
   190 | D        | Found a shimmering altar of Xom.
   190 | D        | Found a radiant altar of Vehumet.
   191 | D        | Found an iron altar of Okawaru.
   192 | D        | Found a burning altar of Makhleb.
   193 | D        | Found a deep blue altar of Sif Muna.
   194 | D        | Found a bloodstained altar of Trog.
   195 | D        | Found a sparkling altar of Nemelex Xobeh.
   196 | D        | Found a white marble altar of Elyvilon.
   197 | D        | Found a roughly hewn altar of Beogh.
   198 | D        | Found a viscous altar of Jiyva.
   199 | D        | Found a corrupted altar of Lugonu.
   200 | D        | Found a blossoming altar of Fedhas.
   201 | D        | Found a snail-covered altar of Cheibriados.
   202 | D        | Found a shadowy altar of Dithmenos.
   203 | D        | Found a stormy altar of Qazlal.
   204 | D        | Found an opulent altar of Gozag.
   205 | D        | Found a sacrificial altar of Ru.
   249 | D        | Noticed a yak
   249 | D        | Noticed a black bear
   254 | D        | Killed a black bear
   254 | D        | Reached skill level 11 in Long Blades
   254 | D        | Reached XP level 5. HP: 36/42 MP: 7/7
   265 | D        | Killed a yak
   265 | D        | Reached skill level 12 in Long Blades
   265 | D        | Reached XP level 6. HP: 15/50 MP: 8/8
   273 | D        | Reached skill level 13 in Long Blades
   286 | D        | Noticed a skeletal warrior
   286 | D        | Noticed a two-headed ogre
   287 | D        | Slain by a two-headed ogre

Vault maps used:
D:        linesprint

Action                   |  1- 3 |  4- 6 || total
-------------------------+-------+-------++-------
Melee: Long sword        |    33 |    30 ||    63
  Use: Potion            |     1 |       ||     1
